 Dungeon Sprint DCSS version 0.32-a0-720-g1d96ad090f (webtiles) character file.

Game seed: 8681503447669888606

441 Conn the Conjurer (level 7, -3/41 HPs)
             Began as an Octopode Fire Elementalist on Mar 16, 2024.
             Was an Initiate of Sif Muna.
             Slain by a crocodile (17 damage)
             ... in the Dungeon (Sprint II: "The Violet Keep of Menkaure").
             The game lasted 00:07:43 (786 turns).

Conn the Conjurer (Octopode Fire Elementalist)       Turns: 786, Time: 00:07:44

Health: -3/41      AC:  1    Str:  7    XL:     7   Next: 2%
Magic:  16/27      EV: 14    Int: 20    God:    Sif Muna [......]
Gold:   602        SH:  0    Dex: 12    Spells: 2/21 levels left

rFire   . . .        (no weapon)
rCold   . . .        (no shield)
rNeg    . . .        (helmet restricted)
rPois   .            (no amulet)
rElec   .            d - ring of wizardry
rCorr   .            i - ring of willpower
SInv    .            o - ring of magical power
Will    +....        (no ring)
Stlth   +++++        (no ring)
HPRegen 0.26/turn    (no ring)
MPRegen 0.20/turn    (no ring)
                     (no ring)

%: no teleportation, wizardry (x1)
@: no status effects
A: almost no armour, amphibious, 8 rings, camouflage 1, gelatinous body 1,
nimble swimmer 1, tentacles
a: Renounce Religion


You were in the Dungeon.
You worshipped Sif Muna.
Sif Muna was noncommittal.
You visited 1 branch You collected 602 gold pieces.

Inventory:

Armour
 t - a +0 kite shield
Jewellery
 d - a ring of wizardry (left tentacle)
 i - a ring of willpower (right tentacle)
 o - a ring of magical power (on tentacle)
Scrolls
 e - 7 scrolls of identify {unknown}
 f - a scroll of blinking
 g - a scroll of torment {unknown}
 j - 2 scrolls of silence {unknown}
 l - a scroll of immolation {unknown}
 q - 2 scrolls of revelation {unknown}
 s - a scroll of amnesia {unknown}
Potions
 a - 5 potions of magic
 b - 3 potions of curing
 c - 2 potions of heal wounds
 h - 3 potions of enlightenment {unknown}
 k - a potion of degeneration {unknown}
 m - 3 potions of resistance {unknown}
 n - 2 potions of brilliance {unknown}
 p - a potion of cancellation {unknown}
 r - a potion of lignification {unknown}


   Skills:
 + Level 6.1 Dodging
 - Level 5.0 Stealth
 + Level 0.9 Shields
 * Level 7.5 Spellcasting
 * Level 7.9 Conjurations
 + Level 0.8 Hexes
 + Level 0.8 Summonings
 * Level 1.4 Translocations
 + Level 6.2 Fire Magic
 + Level 1.0 Alchemy
 * Level 1.5 Invocations


You had 2 spell levels left.
You knew the following spells:

 Your Spells              Type           Power      Damage    Failure   Level
a - Foxfire               Conj/Fire      100%       2x1d9     1%          1
b - Scorch                Fire           64%        2d7       1%          2
c - Inner Flame           Hex/Fire       21%        N/A       2%          3
d - Flame Wave            Conj/Fire      35%        2d10      1%          4
e - Blink                 Tloc           26%        N/A       3%          2
f - Call Imp              Summ           20%        N/A       4%          2
g - Sticky Flame          Fire/Alch      21%        2d6       9%          4
h - Magic Dart            Conj           100%       1d8       1%          1

Your spell library contained the following spells:

 Spells                   Type           Power      Damage    Failure   Level
 Volatile Blastmotes      Fire/Tloc      44%        2d13      2%          3
 Ignite Poison            Fire/Alch      21%        N/A       9%          4
 Olgreb's Toxic Radiance  Alch           11%        N/A       24%         4
 Ozocubu's Refrigeration  Ice            3%         4d8       100%        7
 Discord                  Hex            5%         N/A       100%        8
 Ignition                 Fire           16%        3d6       100%        8


Dungeon Overview and Level Annotations

Branches:
Dungeon (1/1)

Altars:
Cheibriados
Dithmenos
Elyvilon
Fedhas
Gozag
Hepliaklqana
Kikubaaqudgha
Makhleb
Nemelex Xobeh
Okawaru
Qazlal
Ru
Sif Muna
Trog
Uskayaw
Vehumet
Wu Jian
Xom
Yredelemnul
Zin
The Shining One
Beogh
Jiyva
Lugonu

Annotations:
D exclusion: ice statue


Innate Abilities, Weirdness & Mutations

You cannot wear most types of armour.
You are amphibious.
You can wear up to eight rings at the same time.
Your skin changes colour to match your surroundings (Stealth+).
Your rubbery body absorbs attacks. (AC +1, EV +1)
You are camouflaged when in or above water. (Stealth+)
You have tentacles for arms and can constrict up to eight enemies at once.


Message History

Casting: Flame Wave (dangerous; 2% risk of failure)
Press: ? - help, Dir - look around, f - activate A wave of flame ripples out!
The flame wave engulfs the crocodile!
The crocodile is moderately wounded. (Press . to intensify the flame waves.)
The crocodile is engulfed in a cloud of scalding steam.
The crocodile barely misses you.
A wave of flame ripples out!
The flame wave engulfs the crocodile!
The crocodile is almost dead.
The flame wave engulfs the crocodile!
The crocodile is burned terribly!
The crocodile is heavily wounded.
The flame wave engulfs the crocodile!
The crocodile is moderately wounded.
The crocodile is engulfed in a cloud of scalding steam. x3
The crocodile bites you.
A wave of flame ripples out!
The flame wave engulfs the crocodile.
You kill the crocodile!
Sif Muna accepts your kill.
The flame wave engulfs the crocodile.
The crocodile is severely wounded.
The flame wave engulfs the crocodile!
The crocodile is heavily wounded.
You finish channelling waves of flame.
You are engulfed in a cloud of scalding steam.
You hear an angry growl.
The crocodile is engulfed in a cloud of scalding steam. x2
You hear an angry growl. x2; You hear a shout!
Your Translocations skill increases to level 1!
Your Alchemy skill increases to level 1!
Your Invocations skill increases to level 1!
You have reached level 7!
Unknown command.
Casting: Flame Wave (dangerous; 1% risk of failure)
Confirm with . or Enter, or press ? or * to list all spells.
Flames lash the crocodile.
The crocodile is burned terribly!
You kill the crocodile!
Sif Muna accepts your kill.
You are engulfed in a cloud of scalding steam.
The crocodile bites you!
You die...

#):▓....([.)▓▓ ###
+.####[)▓[.[(....▓▓ ..#
...####▓.(.[).((▓▓ ..##
#..# #▓.).)..[.▓▓ #..# +..#
#▓....)...▓▓ #..# #.^#
#▓.....)..▓▓
+..####..####▓.[[.[(.(▓▓
#....###...##▓▓▓▓▓▓▓'▓▓▓▓+▓
#......~~~~~~~§§@l§~...X≈≈▓
~~.§...~#'########§###.≈≈≈▓
~~~~§§.~#..._._._#§§§##≈≈≈▓
~~~~~~.~#_._._._.#§~§≈####▓
≈§≈~~~~~#._._._._#~~~~≈#
§§§§≈~~~#_._._._.#§~§≈≈≈#
≈§≈§≈≈≈§#._._._..#~~~~~≈+
≈§≈###≈≈#_._._...#§~~~≈~#
#≈≈#._._....#~~


You could see a crocodile.

Vanquished Creatures
  Menkaure (D)
  2 crocodiles (D)
  4 scorpions (D)
  3 ribbon worms (D)
  4 tentacles (D)
14 creatures vanquished.

Vanquished Creatures (others)
  A crocodile (D)
  11 foxfires (D)
  33 tentacles (D)
45 creatures vanquished.

Grand Total: 59 creatures vanquished

Notes
Turn   | Place    | Note
-------+----------+-------------------------------------------
     0 | D        | Conn the Octopode Fire Elementalist began the quest for the
                  | Orb.
     0 | D        | Reached XP level 1. HP: 11/11 MP: 3/3
     2 | D        | Noticed a boulder beetle
     2 | D        | Noticed a boulder beetle
     9 | D        | Noticed a scorpion
     9 | D        | Noticed a scorpion
     9 | D        | Noticed a scorpion
     9 | D        | Noticed a scorpion
    19 | D        | Killed a scorpion
    20 | D        | Reached XP level 2. HP: 17/17 MP: 0/7
    20 | D        | Reached XP level 3. HP: 21/21 MP: 0/8
    20 | D        | Reached XP level 4. HP: 27/27 MP: 0/10
    21 | D        | Killed a scorpion
    22 | D        | Reached skill level 5 in Stealth
    22 | D        | Reached skill level 5 in Conjurations
    22 | D        | Reached XP level 5. HP: 31/31 MP: 0/12
    29 | D        | Learned a level 2 spell: Scorch
    33 | D        | Learned a level 3 spell: Inner Flame
    38 | D        | Learned a level 4 spell: Flame Wave
   112 | D        | Reached skill level 5 in Spellcasting
   112 | D        | Reached skill level 5 in Fire Magic
   115 | D        | Reached skill level 5 in Dodging
   115 | D        | Reached XP level 6. HP: 35/36 MP: 2/15
   145 | D        | Noticed an ice statue
   153 | D        | Noticed Menkaure
   157 | D        | Killed Menkaure
   167 | D        | Found a glowing golden altar of the Shining One.
   167 | D        | Found an ornate altar of the Wu Jian Council.
   168 | D        | Found a shimmering altar of Xom.
   168 | D        | Found a sacrificial altar of Ru.
   169 | D        | Found a basalt altar of Yredelemnul.
   169 | D        | Found a shimmering blue altar of Sif Muna.
   170 | D        | Found a glowing silver altar of Zin.
   170 | D        | Found a bloodstained altar of Trog.
   170 | D        | Found an ancient bone altar of Kikubaaqudgha.
   170 | D        | Found a stormy altar of Qazlal.
   170 | D        | Found a viscous altar of Jiyva.
   171 | D        | Found a hide-covered altar of Uskayaw.
   171 | D        | Found a corrupted altar of Lugonu.
   171 | D        | Found a shadowy altar of Dithmenos.
   172 | D        | Found a radiant altar of Vehumet.
   172 | D        | Found a burning altar of Makhleb.
   172 | D        | Found a white marble altar of Elyvilon.
   173 | D        | Found a sparkling altar of Nemelex Xobeh.
   173 | D        | Found a blossoming altar of Fedhas.
   175 | D        | Found an iron altar of Okawaru.
   175 | D        | Found an opulent altar of Gozag.
   175 | D        | Found a hazy altar of Hepliaklqana.
   175 | D        | Found a snail-covered altar of Cheibriados.
   176 | D        | Found a roughly hewn altar of Beogh.
   181 | D        | Became a worshipper of Sif Muna the Loreminder
   193 | D        | Noticed a kraken
   310 | D        | Learned a level 2 spell: Blink
   313 | D        | Learned a level 2 spell: Call Imp
   318 | D        | Learned a level 4 spell: Sticky Flame
   370 | D        | Learned a level 1 spell: Magic Dart
   786 | D        | Reached skill level 1 in Translocations
   786 | D        | Reached skill level 1 in Alchemy
   786 | D        | Reached skill level 1 in Invocations
   786 | D        | Reached XP level 7. HP: 20/41 MP: 18/18
   786 | D        | Slain by a crocodile

Illustrated notes

Levels and vault maps discovered:
D:        the_violet_keep_of_menkaure [sprint2_stairs_cluster_1,
          sprint2_shoproom, sprint2_temple, sprint2_basic_supplies,
          sprint2_obstacle_3, sprint2_obstacle_7, sprint2_obstacle_2,
          sprint2_obstacle_6, sprint2_obstacle_4, sprint2_timed_cluster_1,
          sprint2_smallroom_cluster_1, sprint2_smallroom_final_cluster_1,
          sprint2_transparent_cluster_1, sprint2_second_timed_cluster_1,
          sprint2_sniper_area_1, sprint2_heavy_combat_area_1,
          sprint2_mutation_trap_area_1, sprint2_forest_area_1,
          sprint2_light_combat_area_1, sprint2_behind_water_1,
          sprint2_near_end_vault_1]

Skill      XL: |  1  2  3  4  5  6 |
---------------+-------------------+-----
Dodging        | 3 4 5 6 |  6.1
Stealth        | 4 5 |  5.0
Spellcasting   | 4 6 7 |  7.5
Conjurations   | 3 5 6 7 |  7.9
Fire Magic     | 4 5 6 |  6.2
Translocations | 1 |  1.4
Alchemy        | 1 |  1.0
Invocations    | 1 |  1.5
Shields        | |  0.9
Hexes          | |  0.8
Summonings     | |  0.8

Action                     |  1- 3 |  4- 6 |  7- 9 || total
---------------------------+-------+-------+-------++-------
  Melee: Unarmed           |     2 |     9 |       ||    11
         Constrict         |     1 |     4 |       ||     5
         Tentacles         |     1 |     3 |       ||     4
   Cast: Foxfire           |     3 |     7 |       ||    10
         Scorch            |       |    13 |     1 ||    14
         Inner Flame       |       |    19 |       ||    19
         Call Imp          |       |    11 |       ||    11
         Sticky Flame      |       |     1 |       ||     1
         Flame Wave        |       |     1 |       ||     1
    Use: Potion            |     2 |     1 |       ||     3
   Stab: Sleeping          |       |     1 |       ||     1
 Armour: Skin              |       |     6 |     2 ||     8
  Dodge: Dodged            |     1 |    10 |       ||    11

Table legend: (Time is in decaauts)
 A = Elapsed time spent in this place.
 B = Non-inter-level travel time spent in this place.
 C = Inter-level travel time spent in this place.
 D = Time resting spent in this place.
 E = Time spent auto-exploring this place.
 F = Levels seen in this place.
 G = Mean time per level.
                   A        B        C        D        E       F      G
               +--------+--------+--------+--------+--------+-----+--------+
         Total |    779 |    779 |      0 |    353 |      0 |   1 |  779.0 |
       Dungeon |    779 |    779 |      0 |    353 |      0 |   1 |  779.0 |
               +--------+--------+--------+--------+--------+-----+--------+

Top non-repeatable levels by time:
       D: 779 daAuts
